 Dungeon Crawl Stone Soup version 0.23-a0-690-g0a1fc62c7c (webtiles) character file.

220 LLavrengius the Sneak (level 5, -29/36 HPs)
             Began as an Octopode Fighter on Jan 11, 2019.
             Annihilated by an ogre
             ... wielding a cursed +0 giant spiked club
              (32 damage)
             ... on level 4 of the Dungeon.
             The game lasted 00:06:12 (2634 turns).

LLavrengius the Sneak (Octopode Fighter)            Turns: 2634, Time: 00:06:13

Health: -29/36     AC:  1    Str: 16    XL:     5   Next: 97%
Magic:  5/5        EV: 11    Int: 10    God:
Gold:   164        SH:  8    Dex: 12    Spells: 4/4 levels left

rFire    . . .     SeeInvis .   o - +2 short sword (speed)
rCold    . . .     Gourm    .   b - +0 shield
rNeg     . . .     Faith    .   (helmet restricted)
rPois    .         Spirit   .   (no amulet)
rElec    .         Reflect  .   (no ring)
rCorr    .         Harm     .   (no ring)
MR       .....                  (no ring)
Stlth    ++++......             (no ring)
HPRegen  0.12/turn              (no ring)
MPRegen  0.09/turn              (no ring)
                                (no ring)
                                (no ring)

@: no status effects
A: almost no armour, stealthy swim, amphibious, 8 rings, constrict 8, camouflage
1, gelatinous body 1
a: no special abilities


You were on level 4 of the Dungeon.
You were not hungry.

You visited 1 branch of the dungeon, and saw 4 of its levels.

You collected 164 gold pieces.

Inventory:

Hand Weapons
 a - a +0 rapier
 o - a +2 short sword of speed (weapon)
Armour
 b - a +0 shield (worn)
Jewellery
 q - an uncursed ring of protection from fire {unknown}
 r - a +4 ring of intelligence {unknown}
Scrolls
 e - 2 scrolls of magic mapping {unknown}
 f - 2 scrolls of noise {unknown}
 g - 2 scrolls of teleportation {unknown}
 l - a scroll of enchant weapon {unknown}
 m - a scroll of amnesia {unknown}
 n - 4 scrolls of remove curse {unknown}
 p - a scroll of fear {unknown}
Potions
 c - 4 potions of might
 h - a potion of lignification {unknown}
 i - 2 potions of heal wounds {unknown}
 j - a potion of cancellation {unknown}
 k - 3 potions of berserk rage {unknown}
 s - a potion of curing {unknown}
Comestibles
 d - 6 rations
 t - 5 chunks of flesh


   Skills:
 - Level 3.0 Fighting
 + Level 4.4 Short Blades
 - Level 3.0 Dodging
 + Level 5.5 Stealth
 - Level 3.0 Shields


You had 4 spell levels left.
You didn't know any spells.
Your spell library was empty.

Dungeon Overview and Level Annotations

Branches:
Dungeon (4/15)
 Temple: D:4-7

Altars:


Innate Abilities, Weirdness & Mutations

You cannot wear most types of armour.
You are very stealthy in the water. (Stealth+)
You are amphibious.
You can wear up to eight rings at the same time.
You can use your tentacles to constrict eight enemies at once.
Your skin changes colour to match your surroundings (Stealth+).
Your rubbery body absorbs attacks. (AC +1, EV +1)


Message History

You see here a +0 falchion.
There is a stone staircase leading down here.
You climb downwards.
A jackal comes into view.
The orc wizard looks encouraged for a moment.
The orc hits you with a +0 mace.
A jackal comes into view.
The ogre hits you with a cursed +0 giant spiked club!!
Ouch! That really hurt!
* * * LOW HITPOINT WARNING * * *
The jackal barks! x2
You block the howler monkey skeleton's attack.
The orc barely misses you.
The jackal moves out of view.
The orc wizard shouts!
There is a stone staircase leading up, spattered with blood here.
The howler monkey skeleton hits you.
* * * LOW HITPOINT WARNING * * *
The ogre hits you with a cursed +0 giant spiked club!!
Ouch! That really hurt!
You die...

.. ..h #.. ...
#.## h... ...#
.....
#..####.....
..###..........
..........h....
#..@O......
#.....Zo.##.>..
#........# .
#......).#
#......o..
#........##
#..o.[...#
#........#


You could see an ogre, 2 orc wizards, an orc, 3 jackals and a howler monkey
skeleton.

Vanquished Creatures
  Terence (D:2)
  Jessica (D:2)
  A worker ant (D:3)
  4 adders
  4 gnolls
  A worm (D:2)
  A dart slug (D:2)
  5 leopard geckos
  3 orcs (D:3)
  3 ball pythons
  7 bats
  2 giant cockroaches
  4 goblins
  7 hobgoblins
  2 quokkas
  4 frilled lizards
  8 kobolds
  7 rats
65 creatures vanquished.

Notes
Turn   | Place    | Note
-------+----------+-------------------------------------------
     0 | D:1      | LLavrengius the Octopode Fighter began the quest for the
                  | Orb.
     0 | D:1      | Reached XP level 1. HP: 16/16 MP: 1/1
    98 | D:1      | Reached skill level 1 in Stealth
   211 | D:1      | Reached XP level 2. HP: 16/21 MP: 2/2
   273 | D:1      | Reached skill level 2 in Stealth
   420 | D:1      | Reached XP level 3. HP: 26/26 MP: 3/3
   962 | D:2      | Reached skill level 3 in Stealth
  1002 | D:2      | Reached XP level 4. HP: 23/31 MP: 4/4
  1097 | D:2      | Noticed Jessica
  1100 | D:2      | Noticed Terence
  1104 | D:2      | Killed Jessica
  1104 | D:2      | Reached skill level 4 in Stealth
  1113 | D:2      | Killed Terence
  1113 | D:2      | Reached XP level 5. HP: 10/36 MP: 5/5
  1825 | D:3      | Reached skill level 5 in Stealth
  2575 | D:4      | Found the +3 giant club "Skullcrusher" {speed, Str+7}
  2575 | D:4      | Noticed an ogre
  2634 | D:4      | Annihilated by an ogre

Vault maps used:
D:1:      sevenhm_arrival_forest_fort_small_6, serial_bayou_lagoon_a
D:2:      uniq_terence, uniq_jessica
D:4:      grunt_qazlal_clouds, minmay_temple_entry_slanted,
          nicolae_zen_rock_garden

Skill      XL: |  1  2  3  4  5 |
---------------+----------------+-----
Stealth        | 1 2 3 4 5 |  5.5
Short Blades   | 3 4 |  4.4
Fighting       | |  3.0
Dodging        | |  3.0
Shields        | |  3.0

Action                   |  1- 3 |  4- 6 || total
-------------------------+-------+-------++-------
Melee: Rapier            |    59 |    15 ||    74
       Constrict         |    17 |    19 ||    36
       Tentacles         |     9 |    17 ||    26
       Short sword       |       |    51 ||    51
 Stab: Sleeping          |     8 |     6 ||    14
  Eat: Chunk             |       |     5 ||     5
Armor: Skin              |     2 |     2 ||     4
Dodge: Dodged            |    18 |    22 ||    40
Block: Shield            |    22 |    22 ||    44

Table legend:
 A = Non-vault XP
 B = Vault XP
 C = Vault XP percentage of total XP
 D = Non-vault monster count
 E = Vault monster count
 F = Vault count percentage of total count
                 A         B        C        D         E       F
            +---------+---------+-------+---------+---------+-------
      Total |     240 |      75 |  23.8 |      63 |       2 |   3.1
            +---------+---------+-------+---------+---------+-------
        D:1 |      41 |       0 |   0.0 |      25 |       0 |   0.0
        D:2 |      91 |      75 |  45.2 |      23 |       2 |   8.0
        D:3 |     108 |       0 |   0.0 |      15 |       0 |   0.0
            +---------+---------+-------+---------+---------+-------
